 Dungeon Crawl Stone Soup version 0.30-a0-368-g86fb4627a9 (webtiles) character file.

Game seed: 15922161705770963799

309 holysushi the Chopper (level 6, -10/51 HPs)
             Began as a Gnoll Reaver on Nov 18, 2022.
             Killed by divine providence
             ... invoked by an orc priest
              (13 damage)
             ... on level 4 of the Dungeon on Nov 19, 2022.
             The game lasted 00:06:11 (4412 turns).

holysushi the Chopper (Gnoll Reaver)                Turns: 4412, Time: 00:06:11

Health: -10/51     AC:  5    Str: 13    XL:     6   Next: 41%
Magic:  14/14      EV: 12    Int: 13    God:
Gold:   184        SH:  0    Dex: 10    Spells: 9/15 levels left

rFire   . . .      SeeInvis .    a - +0 hand axe
rCold   . . .      Faith    .    (no shield)
rNeg    . . .      Spirit   .    i - +0 leather armour
rPois   .          Reflect  .    (no helmet)
rElec   .          Harm     .    f - +0 cloak
rCorr   .          Rampage  .    h - +0 pair of gloves
Will    .....      Clarity  +    (no boots)
Stlth   +.........               (no amulet)
HPRegen 0.28/turn                (no ring)
MPRegen 0.14/turn                (no ring)

@: no status effects
A: fangs 1, strong nose, distributed training, clarity
a: no special abilities


You were on level 4 of the Dungeon.
You visited 1 branch of the dungeon, and saw 4 of its levels.

You collected 184 gold pieces.

Inventory:

Hand Weapons
 a - a +0 hand axe (weapon)
 b - a +0 sling
Armour
 f - a +0 cloak (worn)
 h - a +0 pair of gloves (worn)
 i - a +0 leather armour (worn)
 q - an orb of energy
Scrolls
 e - 4 scrolls of teleportation {unknown}
 j - a scroll of poison {unknown}
 k - 4 scrolls of identify {unknown}
 n - a scroll of magic mapping {unknown}
 o - a scroll of acquirement {unknown}
 p - 2 scrolls of enchant armour {unknown}
 r - a scroll of silence {unknown}
 s - a scroll of summoning {unknown}
 t - a scroll of blinking {unknown}
Potions
 c - a potion of might {unknown}
 d - 2 potions of cancellation
 g - a potion of flight {unknown}
 l - a potion of magic {unknown}
 m - a potion of mutation
 u - a potion of attraction {unknown}
 v - a potion of ambrosia {unknown}
 w - a potion of degeneration {unknown}
 x - 2 potions of curing {unknown}


   Skills:
 + Level 5.0 Fighting
 + Level 2.0 Short Blades
 + Level 2.0 Long Blades
 + Level 6.8 Axes
 + Level 2.0 Maces & Flails
 + Level 2.0 Polearms
 + Level 2.0 Staves
 + Level 2.0 Ranged Weapons
 + Level 2.0 Throwing
 + Level 2.0 Armour
 + Level 5.0 Dodging
 + Level 2.0 Stealth
 + Level 2.0 Shields
 + Level 2.0 Unarmed Combat
 + Level 5.4 Spellcasting
 + Level 5.7 Conjurations
 + Level 1.6 Hexes
 + Level 1.6 Summonings
 + Level 1.6 Necromancy
 + Level 1.6 Translocations
 + Level 1.6 Transmutations
 + Level 1.6 Fire Magic
 + Level 1.6 Ice Magic
 + Level 1.6 Air Magic
 + Level 1.6 Earth Magic
 + Level 1.6 Poison Magic
 + Level 2.2 Invocations
 + Level 2.0 Evocations


You had 9 spell levels left.
You knew the following spells:

 Your Spells              Type           Power      Damage    Failure   Level
a - Kiss of Death         Conj/Necr      52%        2d9       4%          1
b - Momentum Strike       Conj/Tloc      26%        3d8       8%          2
c - Hailstorm             Conj/Ice       13%        3d5       16%         3

Your spell library contained the following spells:

 Spells                   Type           Power      Damage    Failure   Level
 Petrify                  Tmut/Erth      7%         N/A       75%         4
 Metabolic Englaciation   Hex/Ice        3%         N/A       97%         5
 Statue Form              Tmut/Erth      4%         N/A       100%        6


Dungeon Overview and Level Annotations

Branches:
Dungeon (4/15) Zot: 19583  Temple (0/1) D:4

Altars:
Vehumet

Annotations:
D:3 exclusion: statue


Innate Abilities, Weirdness & Mutations

You have very sharp teeth.
Your uncanny sense of smell can sniff out nearby items.
Your experience applies equally to all skills.
You possess an exceptional clarity of mind.


Message History

The orc priest calls upon Beogh to heal the orc priest.
The orc priest is healed somewhat.
You barely miss the orc priest.
The orc priest is moderately wounded.
You hit the orc priest but do no damage.
The orc priest hits you with a +0 mace. The orc priest misses you.
You hit the orc priest. You bite the orc priest.
The orc priest is moderately wounded.
You hit the orc priest.
The orc priest invokes the aid of Beogh against you.
Beogh smites you!
The orc priest hits you with a +0 hand axe.
The orc priest calls upon Beogh to heal the orc priest.
The orc priest is healed somewhat.
You completely miss the orc priest.
The orc priest is lightly wounded.
You closely miss the orc priest.
The orc priest calls upon Beogh to heal the orc priest.
The orc priest's wounds heal themselves!
The orc priest mumbles some strange prayers to Beogh against you.
Pain shoots through your body!
* * * LOW HITPOINT WARNING * * *
The orc priest closely misses you.
The orc priest curses repeatedly.
The orc priest looks braver for a moment.
You are too injured to fight recklessly!
You closely miss the orc priest. You hit the orc priest.
The orc priest barely misses you.
The orc priest invokes the aid of Beogh against you.
Pain shoots through your body!
* * * LOW HITPOINT WARNING * * *
It was a potion of cancellation.
You feel magically purged. The orc priest barely misses you.
The orc priest hits you but does no damage.
It was a potion of mutation.
You feel extremely strange.
Your thoughts seem clearer.
The orc priest closely misses you.
The orc priest mumbles some strange prayers to Beogh against you.
Beogh smites you!
You die...

######..#.#.#)#
#.............#
#.######.#.#..# ######
#.##...........
#.....####.#.....#..##.#
..###......#.........#.#
.#.#...####............
#.###....).).......8.8
#..:o #@o..)..<.......⌠.
###.#+#o#.###........8.>
..#.#.oo....+.........⌠.
..###..#.####........8.8
#...........#...........
###....#.##.#........###
+......##.####........
#......<#.# #....#####
#.........# #....'....


You could see 4 orc priests.

Vanquished Creatures
  A necrophage (D:2)
  A hound (D:4)
  Ijyb (D:3)
  Terence (D:3)
  4 gnolls
  5 adders
  2 dart slugs (D:3)
  2 orcs (D:3)
  5 bats
  8 endoplasms
  7 giant cockroaches
  8 goblins
  11 hobgoblins
  7 jackals
  9 kobolds
  5 quokkas
  10 ball pythons
  3 frilled lizards
  8 rats
98 creatures vanquished.

Vanquished Creatures (others)
  Natasha (thrice) (D:3)
  An adder (D:3)
4 creatures vanquished.

Grand Total: 102 creatures vanquished

Notes
Turn   | Place    | Note
-------+----------+-------------------------------------------
     0 | D:1      | holysushi the Gnoll Reaver began the quest for the Orb.
     0 | D:1      | Reached XP level 1. HP: 20/20 MP: 6/6
    81 | D:1      | Reached XP level 2. HP: 7/26 MP: 7/7
   438 | D:1      | Reached skill level 5 in Spellcasting
   438 | D:1      | Reached XP level 3. HP: 27/31 MP: 7/9
   806 | D:1      | Reached skill level 1 in Invocations
  1426 | D:2      | Noticed a necrophage
  1518 | D:2      | Reached skill level 1 in Short Blades
  1518 | D:2      | Reached skill level 1 in Long Blades
  1518 | D:2      | Reached skill level 1 in Maces & Flails
  1518 | D:2      | Reached skill level 1 in Polearms
  1518 | D:2      | Reached skill level 1 in Staves
  1518 | D:2      | Reached skill level 1 in Ranged Weapons
  1518 | D:2      | Reached skill level 1 in Throwing
  1518 | D:2      | Reached skill level 1 in Armour
  1518 | D:2      | Reached skill level 1 in Stealth
  1518 | D:2      | Reached skill level 1 in Shields
  1518 | D:2      | Reached skill level 1 in Unarmed Combat
  1518 | D:2      | Reached skill level 1 in Evocations
  1552 | D:2      | Reached XP level 4. HP: 21/38 MP: 11/11
  1894 | D:2      | Reached skill level 1 in Hexes
  1894 | D:2      | Reached skill level 1 in Summonings
  1894 | D:2      | Reached skill level 1 in Necromancy
  1894 | D:2      | Reached skill level 1 in Translocations
  1894 | D:2      | Reached skill level 1 in Transmutations
  1894 | D:2      | Reached skill level 1 in Fire Magic
  1894 | D:2      | Reached skill level 1 in Ice Magic
  1894 | D:2      | Reached skill level 1 in Air Magic
  1894 | D:2      | Reached skill level 1 in Earth Magic
  1894 | D:2      | Reached skill level 1 in Poison Magic
  2044 | D:2      | Learned a level 2 spell: Momentum Strike
  2052 | D:2      | Learned a level 3 spell: Hailstorm
  2209 | D:2      | Killed a necrophage
  2210 | D:2      | Reached XP level 5. HP: 38/43 MP: 6/12
  2758 | D:3      | Noticed Terence
  2764 | D:3      | Killed Terence
  2844 | D:3      | Found a radiant altar of Vehumet.
  2958 | D:3      | Noticed Natasha
  2961 | D:3      | Killed Natasha
  3052 | D:3      | Noticed Ijyb
  3062 | D:3      | Killed Ijyb
  3104 | D:3      | Noticed Natasha
  3114 | D:3      | Killed Natasha
  3125 | D:3      | Noticed Natasha
  3135 | D:3      | Killed Natasha
  3475 | D:3      | Noticed a charred statue
  3686 | D:4      | Reached XP level 6. HP: 50/50 MP: 13/13
  3720 | D:4      | Reached skill level 5 in Fighting
  3720 | D:4      | Reached skill level 5 in Dodging
  3787 | D:4      | Found a staircase to the Ecumenical Temple.
  4412 | D:4      | Gained mutation: You possess an exceptional clarity of
                  | mind. [potion of mutation]
  4412 | D:4      | Killed from afar by an orc priest

Illustrated notes

Levels and vault maps discovered:
D:1:      lightli_arrival_lavapool, layout_basic, minmay_indecisive_spiral
D:2:      layout_basic, minmay_heptomino_w4
D:3:      layout_rooms, vehumet_statue, chequers_decorated_corner,
          minmay_stone_trees_medium, st_stairs_10, uniq_natasha, uniq_terence,
          uniq_ijyb
D:4:      layout_basic, minmay_temple_entry_statues_fountains,
          ebering_ghost_rock_garden, hex_tiny,
          minmay_a_box_with_orc_wizards_in_it

Skill      XL: |  1  2  3  4  5  6 |
---------------+-------------------+-----
Spellcasting   | 5 |  5.4
Invocations    | 1 2 |  2.2
Short Blades   | 1 2 |  2.0
Long Blades    | 1 2 |  2.0
Maces & Flails | 1 2 |  2.0
Polearms       | 1 2 |  2.0
Staves         | 1 2 |  2.0
Ranged Weapons | 1 2 |  2.0
Throwing       | 1 2 |  2.0
Armour         | 1 2 |  2.0
Stealth        | 1 2 |  2.0
Shields        | 1 2 |  2.0
Unarmed Combat | 1 2 |  2.0
Evocations     | 1 2 |  2.0
Hexes          | 1 |  1.6
Summonings     | 1 |  1.6
Necromancy     | 1 |  1.6
Translocations | 1 |  1.6
Transmutations | 1 |  1.6
Fire Magic     | 1 |  1.6
Ice Magic      | 1 |  1.6
Air Magic      | 1 |  1.6
Earth Magic    | 1 |  1.6
Poison Magic   | 1 |  1.6
Fighting       | 5 |  5.0
Dodging        | 5 |  5.0
Axes           | |  6.8
Conjurations   | |  5.7

Action                   |  1- 3 |  4- 6 || total
-------------------------+-------+-------++-------
Melee: Hand axe          |   135 |   236 ||   371
       Bite              |    11 |    33 ||    44
       Punch             |     1 |     6 ||     7
 Fire: Sling             |     9 |       ||     9
 Cast: Hailstorm         |       |     2 ||     2
       Momentum Strike   |       |    10 ||    10
  Use: Potion            |       |     2 ||     2
 Stab: Sleeping          |       |     2 ||     2
Armor: Leather armour    |    35 |    60 ||    95
Dodge: Dodged            |   116 |   169 ||   285

Table legend: (Time is in decaauts)
 A = Elapsed time spent in this place.
 B = Non-inter-level travel time spent in this place.
 C = Inter-level travel time spent in this place.
 D = Time resting spent in this place.
 E = Time spent auto-exploring this place.
 F = Levels seen in this place.
 G = Mean time per level.
                   A        B        C        D        E       F      G
               +--------+--------+--------+--------+--------+-----+--------+
         Total |   4415 |   4097 |    318 |    574 |   2480 |   4 | 1103.8 |
       Dungeon |   4415 |   4097 |    318 |    574 |   2480 |   4 | 1103.8 |
               +--------+--------+--------+--------+--------+-----+--------+

Top non-repeatable levels by time:
     D:2: 1490 daAuts
     D:1: 1316 daAuts
     D:3: 1117 daAuts
     D:4: 490 daAuts
